 Seeded DCSS version 0.29-a0-321-gf1c4007 (webtiles) character file.

Game seed: 4207091908060292512 (custom seed)

2962 edsrzf the Cleaver (level 9, -2/68 HPs)
             Began as a Deep Dwarf Earth Elementalist on Apr 3, 2022.
             Was an Initiate of Makhleb.
             Slain by an orc
             ... wielding a +0 flail
              (6 damage)
             ... on level 8 of the Dungeon on Apr 4, 2022.
             The game lasted 00:37:28 (7848 turns).

edsrzf the Cleaver (Deep Dwarf Earth Elementalist)  Turns: 7848, Time: 00:37:29

Health: -2/68      AC:  8    Str: 15    XL:     9   Next: 52%
Magic:  11/11      EV: 11    Int: 23    God:    Makhleb [......]
Gold:   365        SH:  0    Dex: 13    Spells: 2/12 levels left

rFire   . . .      SeeInvis .   a - +0 hand axe
rCold   . . .      Faith    .   (no shield)
rNeg    . . .      Spirit   .   w - +1 ring mail {rPois}
rPois   +          Reflect  .   (no helmet)
rElec   .          Harm     .   (no cloak)
rCorr   .          Rampage  .   (no gloves)
Will    +....                   m - +0 pair of boots
Stlth   +.........              (no amulet)
HPRegen 0.00/turn               k - +6 ring of intelligence
MPRegen 0.12/turn               v - ring of wizardry

@: studying Unarmed Combat
A: damage resistance, heal wounds, sense surroundings 2, no regeneration
a: Heal Wounds, Renounce Religion


You were on level 8 of the Dungeon.
You worshipped Makhleb.
Makhleb was noncommittal.
You visited 2 branches of the dungeon, and saw 9 of its levels.

You collected 496 gold pieces.
You spent 131 gold pieces at shops.

Inventory:

Hand Weapons
 a - a +0 hand axe (weapon)
Missiles
 f - 133 stones
 g - 5 javelins
 q - 5 silver boomerangs
Armour
 m - a +0 pair of boots (worn)
 w - a +1 ring mail of poison resistance (worn)
 B - the +0 robe "Ihulom" {rElec Str-5 Int+9}
   (You found it on level 4 of the Dungeon)

   Str:       It affects your strength (-5).
   Int:       It affects your intelligence (+9).
   rElec:     It insulates you from electricity.
Jewellery
 b - a ring of fire
 h - a ring of fire
 k - a +6 ring of intelligence (left hand)
 v - a ring of wizardry (right hand)
Scrolls
 c - 4 scrolls of identify {@r1}
 e - a scroll of enchant armour {unknown}
 n - 2 scrolls of immolation {unknown}
 o - a scroll of amnesia {unknown}
 p - 2 scrolls of magic mapping {unknown}
 u - a scroll of enchant weapon {unknown}
 x - a scroll of noise {unknown}
 y - 4 scrolls of teleportation {@r3}
 z - a scroll of torment {unknown}
 A - a scroll of vulnerability {unknown}
Potions
 d - a potion of brilliance
 i - 4 potions of flight
 j - 3 potions of mutation {!q}
 r - 2 potions of haste
 s - 3 potions of attraction
 t - 2 potions of curing


   Skills:
 + Level 10.9 Axes
 - Level 5.0 Armour
 - Level 2.1 Dodging
 - Level 2.4 Stealth
 - Level 2.0 Spellcasting
 - Level 5.0 Conjurations
 - Level 1.0 Transmutations
 - Level 7.0 Earth Magic


You had 2 spell levels left.
You knew the following spells:

 Your Spells              Type           Power      Damage    Failure   Level
a - Passwall              Tmut/Erth      16%        N/A       2%          2
b - Stone Arrow           Conj/Erth      58%        3d10      2%          3
c - Petrify               Tmut/Erth      20%        N/A       17%         4
x - Sandblast             Erth           68%        2d15      1%          1

Your spell library contained the following spells:

 Spells                   Type           Power      Damage    Failure   Level
 Foxfire                  Conj/Fire      52%        2x1d6     3%          1
 Summon Small Mammal      Summ           8%         N/A       10%         1
 Conjure Flame            Conj/Fire      13%        6-21      11%         3
 Lee's Rapid Deconstruct  Erth           17%        3d11*     16%         5
 Leda's Liquefaction      Hex/Erth       9%         N/A       22%         4
 Call Canine Familiar     Summ           2%         N/A       26%         3
 Frozen Ramparts          Ice            4%         1d2       26%         3
 Inner Flame              Hex/Fire       2%         N/A       26%         3
 Summon Guardian Golem    Hex/Summ       2%         N/A       26%         3
 Flame Wave               Conj/Fire      13%        2d6       32%         4
 Ice Form                 Ice/Tmut       4%         N/A       56%         4
 Summon Ice Beast         Ice/Summ       2%         N/A       65%         4
 Statue Form              Tmut/Erth      13%        N/A       93%         6


Dungeon Overview and Level Annotations

Branches:
Dungeon (8/15)             Temple (1/1) D:7
   Lair: D:8-11

Altars:
Ashenzari
Cheibriados
Dithmenos
Elyvilon
Fedhas
Gozag
Hepliaklqana
Kikubaaqudgha
Makhleb
Nemelex Xobeh
Okawaru
Qazlal
Sif Muna
Trog
Uskayaw
Vehumet
Wu Jian
Xom
Yredelemnul
Zin
The Shining One

Shops:
D:3 ?   D:6 *[

Annotations:
D:4 Ijyb
D:7 Joseph


Innate Abilities, Weirdness & Mutations

You are resistant to damage.
You can heal yourself by infusing magical energy.
You passively map the area around you.
You do not regenerate.


Message History

You open the door.
There is an open door here.
You enter the shallow water.
Moving in this stuff is going to be slow.
You open the door. You open the door.
You see here a +0 trident.
You enter the shallow water.
Moving in this stuff is going to be slow.
There is an open door here.
There is an open door here.
You open the door.
There is an open door here.
There is an open door here.
There is an open door here.
You open the door.
There is an open door here.
You enter the shallow water.
Moving in this stuff is going to be slow.
You enter the shallow water.
Moving in this stuff is going to be slow.
You enter the shallow water.
Moving in this stuff is going to be slow.
You enter the shallow water.
Moving in this stuff is going to be slow.
You enter the shallow water.
Moving in this stuff is going to be slow.
You enter the shallow water.
Moving in this stuff is going to be slow.
You enter the shallow water.
Moving in this stuff is going to be slow.
Partly explored, can't reach some places.
(D) Dungeon (T) Temple
Where to? (Enter - D:6 @ (x,y), ? - help)
There is a stone staircase leading up here.
You see here a +0 shortbow.
There is a stone staircase leading down here.
You climb downwards.
The orc wizard shouts!
The acid dragon roars!
Found 18 gold pieces.
Found a stone staircase leading up and a stone staircase leading down.
There is a stone staircase leading up here.
There are monsters nearby!
The orc shouts!
The orc wizard shouts!
The acid dragon bites you.
* * * LOW HITPOINT WARNING * * *
The acid dragon barely misses you.
You climb upwards.
Level annotation: Joseph
There is a stone staircase leading down here.
Okay, then.
You feel much better. The acid dragon spits acid at you.
The splash of acid hits you!!
* * * LOW HITPOINT WARNING * * *
Casting: Sandblast (safe; 1% risk of failure)
Confirm with . or Enter, or press ? or * to list all spells.
Aiming: Stone Arrow (dangerous; 2% risk of failure)
Press: ? - help, Shift-Dir - straight line, f - acid dragon
Aim: an acid dragon (catching its breath, 71% to hit)
The stone arrow hits the acid dragon!
The acid dragon is heavily wounded.
The acid dragon bites you but does no damage.
The acid dragon barely misses you.
Casting: Stone Arrow (dangerous; 2% risk of failure)
Confirm with . or Enter, or press ? or * to list all spells.
Aiming: Stone Arrow (dangerous; 2% risk of failure)
Press: ? - help, Shift-Dir - straight line, f/p - acid dragon
Aim: an acid dragon (heavily wounded, 71% to hit)
The stone arrow hits the acid dragon!
The acid dragon is almost dead.
The acid dragon closely misses you. The acid dragon barely misses you.
Casting: Stone Arrow (dangerous; 2% risk of failure)
Confirm with . or Enter, or press ? or * to list all spells.
Aiming: Stone Arrow (dangerous; 2% risk of failure)
Press: ? - help, Shift-Dir - straight line, f/p - acid dragon
Aim: an acid dragon (almost dead, 71% to hit)
The stone arrow hits the acid dragon!
You kill the acid dragon!
Makhleb accepts your kill.
You start resting.
You start resting.
Magic restored.
Partly explored, can't reach some places.
You see here a +0 shortbow.
You see here a +0 trident.
You enter the shallow water.
Moving in this stuff is going to be slow.
You enter the shallow water.
Moving in this stuff is going to be slow.
There is an open door here.
There is a stone staircase leading down here.
You climb downwards.
The orc priest shouts!
The orc priest calls down the wrath of Beogh upon you.
Beogh smites you!
* * * LOW HITPOINT WARNING * * *
There is a stone staircase leading up here.
The orc hits you with a +0 flail!
You die...

,,, , .... , ,
,...., , ,
,,..... , , ,
.....########## ,
, ............o.#
* ........$.....#
* ....>.........#
,.......@.o....#
*
,.......o......#
* *
.......<......# *
**###############


You could see an orc priest, an orc wizard and an orc.

Vanquished Creatures
  Grinder (D:5)
  Sigmund (D:3)
  A wyvern (D:7)
  Menkaure (D:4)
  An acid dragon (D:7)
  A water moccasin (D:7)
  A black bear (D:4)
  2 sky beasts
  2 ogres (D:6)
  2 centaurs
  A phantom (D:3)
  2 bullfrogs (D:7)
  3 necrophages
  A gnoll sergeant (D:6)
  4 scorpions
  4 wights (D:6)
  A howler monkey (D:6)
  3 orc priests
  3 hounds
  2 jellies
  4 iguanas
  3 orc wizards
  Robin (D:4)
  5 gnolls (D:6)
  3 adders
  A shadow imp (D:4)
  A white imp (D:5)
  3 worms
  7 dart slugs
  17 orcs
  8 ball pythons
  8 bats
  6 endoplasms
  2 giant cockroaches
  12 goblins
  8 hobgoblins
  2 quokkas
  A frilled lizard (D:2)
  4 kobolds
  4 rats
137 creatures vanquished.

Notes
Turn   | Place    | Note
-------+----------+-------------------------------------------
     0 | D:1      | edsrzf the Deep Dwarf Earth Elementalist began the quest
                  | for the Orb.
     0 | D:1      | Reached XP level 1. HP: 15/15 MP: 3/3
   350 | D:1      | Reached skill level 2 in Spellcasting
   418 | D:1      | Reached skill level 1 in Transmutations
   598 | D:1      | Reached XP level 2. HP: 22/22 MP: 3/5
   617 | D:1      | Learned a level 2 spell: Passwall
  1337 | D:2      | Reached skill level 1 in Axes
  1587 | D:2      | Found a faded altar of an unknown god.
  1620 | D:2      | Reached XP level 3. HP: 22/28 MP: 4/6
  1681 | D:2      | Learned a level 3 spell: Stone Arrow
  1690 | D:2      | Reached skill level 5 in Earth Magic
  1871 | D:2      | Reached skill level 1 in Conjurations
  1916 | D:3      | Noticed Sigmund
  2057 | D:3      | Reached XP level 4. HP: 25/36 MP: 3/7
  2068 | D:3      | Reached skill level 2 in Conjurations
  2161 | D:3      | HP: 1/36 [Sigmund/puff of flame (11)]
  2398 | D:3      | Identified 2 scrolls of identify
  2398 | D:3      | Identified 2 potions of flight
  2404 | D:3      | Identified 2 potions of mutation
  2431 | D:3      | Reached skill level 3 in Conjurations
  2431 | D:3      | Reached XP level 5. HP: 19/42 MP: 5/8
  2689 | D:3      | Found Ushrabir's Magic Scroll Emporium.
  2699 | D:3      | Bought a scroll of fear for 38 gold pieces
  2699 | D:3      | Bought a scroll of teleportation for 33 gold pieces
  2825 | D:4      | Noticed Menkaure
  2825 | D:4      | Noticed a phantom
  2826 | D:4      | Noticed Ijyb
  2961 | D:4      | Noticed a black bear
  2995 | D:4      | Identified the +0 robe "Ihulom" {rElec Str-5 Int+9}
  3009 | D:3      | Killed a phantom
  3010 | D:3      | Reached skill level 4 in Conjurations
  3010 | D:3      | Reached skill level 6 in Earth Magic
  3010 | D:3      | Reached XP level 6. HP: 21/49 MP: 0/9
  3020 | D:3      | Killed Sigmund
  3021 | D:3      | Reached skill level 7 in Earth Magic
  3194 | D:4      | Killed Menkaure
  3195 | D:4      | Reached skill level 1 in Armour
  3195 | D:4      | Reached XP level 7. HP: 18/55 MP: 2/10
  3284 | D:4      | Noticed Robin
  3294 | D:4      | Reached skill level 5 in Conjurations
  3310 | D:4      | Reached skill level 2 in Armour
  3377 | D:4      | Reached skill level 2 in Axes
  3448 | D:4      | Reached skill level 3 in Armour
  3452 | D:4      | Reached skill level 3 in Axes
  3602 | D:5      | Entered Level 5 of the Dungeon
  3602 | D:5      | Noticed Grinder
  3603 | D:5      | Paralysed by Grinder for 7 turns
  3616 | D:5      | Identified 2 potions of brilliance
  3629 | D:5      | Killed Grinder
  3630 | D:5      | Reached skill level 4 in Axes
  3630 | D:5      | Reached skill level 4 in Armour
  3630 | D:5      | Reached XP level 8. HP: 11/62 MP: 3/11
  3797 | D:5      | Identified 2 potions of degeneration
  3831 | D:4      | Reached skill level 5 in Armour
  3838 | D:4      | Learned a level 4 spell: Petrify
  3862 | D:4      | Killed Robin
  4055 | D:4      | Identified 3 potions of attraction
  4074 | D:4      | Identified 5 potions of curing
  4075 | D:4      | HP: 3/62 [Ijyb/bolt of acid (28)]
  4093 | D:5      | Identified 2 potions of lignification
  4136 | D:5      | Identified a potion of cancellation
  4137 | D:5      | Identified a potion of ambrosia
  4312 | D:5      | Reached skill level 5 in Axes
  4730 | D:6      | Reached skill level 6 in Axes
  4811 | D:6      | Found Hirchudem's Humungous Hoard.
  4958 | D:6      | Found Nuanta Righ's Antique Armour Shop.
  4966 | D:6      | Bought a potion of heal wounds for 60 gold pieces
  5085 | D:6      | Reached skill level 7 in Axes
  5277 | D:6      | Reached skill level 8 in Axes
  5532 | D:6      | Gained mutation: You passively map the area around you.
                  | [Deep Dwarf growth]
  5532 | D:6      | Reached XP level 9. HP: 11/66 MP: 2/12
  5739 | D:6      | Reached skill level 9 in Axes
  6327 | D:7      | Noticed Joseph
  6396 | D:7      | Found a staircase to the Ecumenical Temple.
  6415 | Temple   | Entered the Ecumenical Temple
  6713 | Temple   | Became a worshipper of Makhleb the Destroyer
  6961 | D:7      | Reached skill level 10 in Axes
  7848 | D:8      | Slain by an orc

Illustrated notes

Levels and vault maps discovered:
D:1:      saegor_arrival_simple_d, layout_basic, minmay_3d_cube
D:2:      layout_rooms, hellmonk_ecumenical_altar_inner_sanctum,
          dreamdust_mushroom_princess
D:3:      minmay_evil_eye, layout_rooms, serial_shops,
          nicolae_shop_hallway_plus, uniq_sigmund
D:4:      layout_cave_pools, mainiacjoe_overflow_surrounded_room,
          item_on_display_a, uniq_robin, uniq_ijyb, uniq_menkaure
D:5:      layout_rooms, kennysheep_generic_room_8, uniq_grinder
D:6:      layout_cave_pools, nicolae_alphabet_shops, nicolae_take_the_stairs,
          kennysheep_small_circle
D:7:      layout_basic, minmay_temple_entry_ruins, serial_rivers,
          chequers_serial_rivers_large_a, chequers_serial_rivers_micro_a,
          chequers_serial_rivers_small_b, chequers_serial_rivers_room_a,
          chequers_serial_rivers_micro_a, chequers_serial_rivers_micro_c,
          uniq_joseph
D:8:      minmay_general_purpose_star, layout_gridville, lightli_minifort,
          uniq_psyche
Temple:   regret_index_temple_sigil_plot

Skill      XL: |  1  2  3  4  5  6  7  8  9 |
---------------+----------------------------+-----
Spellcasting   | 2 |  2.0
Transmutations | 1 |  1.0
Axes           | 1 4 8 10 | 10.9
Earth Magic    | 5 6 7 |  7.0
Conjurations   | 1 3 4 5 |  5.0
Armour         | 1 4 5 |  5.0
Dodging        | |  2.1
Stealth        | |  2.4

Action                   |  1- 3 |  4- 6 |  7- 9 || total
-------------------------+-------+-------+-------++-------
Melee: Hand axe          |    73 |    18 |   113 ||   204
       Club              |    14 |       |       ||    14
       Punch             |       |       |     1 ||     1
Throw: Boomerang         |       |       |     1 ||     1
 Cast: Sandblast         |    18 |    59 |    42 ||   119
       Stone Arrow       |     1 |     4 |    58 ||    63
 Abil: Heal Wounds       |       |     2 |     4 ||     6
  Use: Scroll            |       |     3 |     4 ||     7
       Potion            |       |     1 |    11 ||    12
 Stab: Sleeping          |     5 |       |       ||     5
Armor: Robe              |    38 |     3 |       ||    41
       Ring mail         |       |    18 |    58 ||    76
       Skin              |       |       |    28 ||    28
Dodge: Dodged            |    60 |    22 |    81 ||   163

Table legend: (Time is in decaauts)
 A = Elapsed time spent in this place.
 B = Non-inter-level travel time spent in this place.
 C = Inter-level travel time spent in this place.
 D = Time resting spent in this place.
 E = Time spent auto-exploring this place.
 F = Levels seen in this place.
 G = Mean time per level.
                   A        B        C        D        E       F      G
               +--------+--------+--------+--------+--------+-----+--------+
         Total |   7901 |   7457 |    444 |   2220 |   3209 |   9 |  877.9 |
       Dungeon |   7583 |   7177 |    406 |   2220 |   2950 |   8 |  947.9 |
        Temple |    317 |    279 |     38 |      0 |    259 |   1 |  317.0 |
               +--------+--------+--------+--------+--------+-----+--------+

Top non-repeatable levels by time:
     D:6: 1459 daAuts
     D:7: 1299 daAuts
     D:1: 1291 daAuts
     D:3: 1133 daAuts
     D:5: 913 daAuts
     D:2: 821 daAuts
     D:4: 661 daAuts
  Temple: 317 daAuts
     D:8: 3 daAuts
